 Dungeon Crawl Stone Soup version 0.23.1 (webtiles) character file.

Game seed: 5325530875057493629

614 razor4143 the Grappler (level 7, -5/56 (57) HPs)
             Began as a Ghoul Monk on Mar 8, 2019.
             Shot with an arrow by a centaur (9 damage)
             ... on level 5 of the Dungeon.
             The game lasted 00:06:56 (3967 turns).

razor4143 the Grappler (Ghoul Monk)                 Turns: 3967, Time: 00:06:57

HP:   -5/56 (57)    AC:  3    Str: 20    XL:     7   Next: 44%
MP:   6/6           EV: 12    Int: 14    God:
Gold: 221           SH:  7    Dex: 11    Spells: 6/6 levels left

rFire    . . .     SeeInvis .     - Unarmed
rCold    + . .     Gourm    .   o - +3 buckler of Aprucsav {rN+ rCorr Str+3 Int+3}
rNeg     + + +     Faith    .   r - +0 leather armour
rPois    ∞         Spirit   .   (no helmet)
rElec    .         Reflect  .   (no cloak)
rCorr    +         Harm     .   (no gloves)
MR       .....                  (no boots)
Stlth    ++........             h - amulet of magic regeneration
HPRegen  0.00/turn              n - +6 ring of intelligence
MPRegen  0.35/turn              (no ring)

@: flying (expiring), rotting, hasted, very quick
A: rotting body, claws 1, carnivore, cold resistance 1, negative energy
resistance 3, inhibited regeneration, torment resistance, unbreathing
a: no special abilities


You were on level 5 of the Dungeon.
You were not hungry.

You visited 1 branch of the dungeon, and saw 5 of its levels.

You collected 221 gold pieces.

Inventory:

Hand Weapons
 c - a +2 dagger of pain
Missiles
 f - 11 tomahawks (quivered)
Armour
 a - a +0 robe
 o - the +3 buckler of Aprucsav (worn) {rN+ rCorr Str+3 Int+3}
   (You found it on level 4 of the Dungeon)

   It affects your strength (+3).
   It affects your intelligence (+3).
   It protects you from negative energy.
   It provides partial protection from all sources of acid and corrosion.
 r - a +0 leather armour (worn)
Jewellery
 h - an amulet of magic regeneration (around neck)
 n - a +6 ring of intelligence (left claw)
 q - an uncursed amulet of rage {unknown}
Scrolls
 d - 2 scrolls of remove curse {unknown}
 e - a scroll of noise {unknown}
 g - 2 scrolls of enchant weapon
 i - 2 scrolls of identify
 j - a scroll of amnesia {unknown}
 k - a scroll of magic mapping
 m - a scroll of immolation {unknown}
Comestibles
 b - 13 rations


   Skills:
 - Level 3.2 Fighting
 - Level 2.6 Dodging
 - Level 2.1 Stealth
 + Level 2.5 Shields
 + Level 8.5 Unarmed Combat


You had 6 spell levels left.
You didn't know any spells.
Your spell library was empty.

Dungeon Overview and Level Annotations

Branches:
Dungeon (5/15)             Temple (0/1) D:5

Altars:
Elyvilon
Qazlal
Zin

Annotations:
D:4 2 transporters, Marusbir's ghost, amateur HOFi
D:5 Fang's ghost, novice GrBe


Innate Abilities, Weirdness & Mutations

Your body is rotting away.
You thrive on raw meat.
You are immune to poison.
You have sharp fingernails.
You are carnivorous and can eat meat at any time.
Your flesh is cold resistant. (rC+)
You are immune to negative energy. (rN+++)
You do not regenerate when monsters are visible.
You are immune to unholy pain and torment.
You can survive without breathing.


Message History

* * * LOW HITPOINT WARNING * * *
You reach down and open the door.
A centaur comes into view.
The bullfrog closely misses you.
Found 32 gold pieces.
You are starting to lose your buoyancy.
The centaur wields a +0 shortbow.
The centaur shoots an arrow.
The arrow hits you!
* * * LOW HITPOINT WARNING * * *
Found a leather armour.
There is an open door here.
A centaur comes into view.
Found 4 gold pieces and 24 stones.
You aren't carrying any potions.
As you read the scroll labeled MOZXUE UTET, it crumbles to dust.
You feel aware of your surroundings.
You sensed 1 altar.
It was a scroll of magic mapping.
The centaur shoots an arrow.
The arrow hits you but does no damage.
The centaur wields a +0 shortbow.
The centaur shoots an arrow.
The arrow hits you!
You die...

,*,* *,,,,,,,**,,,********,,,*,*
,*,** *,**,**,**,,,* ****,,,*,*
*,*,* *,**,**,,,,,,* *,,,,,,,##
,,*,* *,**,####*,*,########,,,##†
,*,,* *,**##.c.###*#......#*,,#..
*,,,***,**,c....[###...r..##*##.#
,,,,,,,,,*,,#$#$.##..Z.....###.$$
**********,*,#$#.##Z.#$$#..##..#.
* *,,*,#$@FS5.O##$.Z.r..W. *
*****#.....###..#$$#..#####' *
*,,,*##...#* #........#...r.
*,,,,,##+#***##$.....##.$.r.
*,,,****,,,,,,+......#..#.#.
**,** *,,,,,,########.$.#.$ *,*
*,,**,,+..!.W.'..#.#. *,*
*,,**,,####w####..$.. *,*
*,,,,,,* ##..rw##...#


You could see an ogre, a bullfrog, 2 centaurs, an adder, a shadow imp, an adder
zombie, a quokka and an adder skeleton.

Vanquished Creatures
  Sigmund (D:2)
  An ogre (D:4)
  A scorpion (D:4)
  A hound (D:4)
  A bullfrog skeleton (D:4)
  4 orc wizards
  An iguana (D:4)
  A worker ant (D:5)
  4 adders
  A worm (D:3)
  2 leopard geckos (D:2)
  15 orcs
  3 giant cockroaches
  7 goblins
  6 hobgoblins
  3 jackals (D:2)
  6 kobolds
  A quokka (D:2)
  5 ball pythons
  6 bats
  4 frilled lizards
  7 rats
81 creatures vanquished.

Vanquished Creatures (others)
  2 plants (D:4)
2 creatures vanquished.

Grand Total: 83 creatures vanquished

Notes
Turn   | Place    | Note
-------+----------+-------------------------------------------
     0 | D:1      | razor4143 the Ghoul Monk began the quest for the Orb.
     0 | D:1      | Reached XP level 1. HP: 19/19 MP: 0/0
   152 | D:1      | Reached XP level 2. HP: 26/26 MP: 1/1
   201 | D:1      | Reached skill level 4 in Unarmed Combat
   607 | D:2      | Reached XP level 3. HP: 16/31 MP: 2/2
   999 | D:2      | Reached skill level 5 in Unarmed Combat
  1400 | D:2      | Reached XP level 4. HP: 38/38 MP: 3/3
  1591 | D:2      | Noticed Sigmund
  1618 | D:2      | Killed Sigmund
  1618 | D:2      | Reached skill level 6 in Unarmed Combat
  1618 | D:2      | Reached XP level 5. HP: 30/45 MP: 4/4
  1894 | D:3      | Reached skill level 7 in Unarmed Combat
  1894 | D:3      | Reached XP level 6. HP: 26/50 MP: 5/5
  2050 | D:3      | Found a glowing silver altar of Zin.
  2108 | D:3      | HP: 2/51 [orc (4)]
  2513 | D:3      | Found a white marble altar of Elyvilon.
  2890 | D:4      | Got a bloodstained buckler
  2896 | D:4      | Identified the +3 buckler of Aprucsav {rN+ rCorr Str+3
                  | Int+3} (You found it on level 4 of the Dungeon)
  3022 | D:4      | Reached skill level 1 in Shields
  3022 | D:4      | Reached skill level 8 in Unarmed Combat
  3141 | D:4      | Reached XP level 7. HP: 53/57 MP: 6/6
  3148 | D:4      | Found a transporter.
  3156 | D:4      | Noticed Marusbir's ghost (amateur HOFi)
  3163 | D:4      | Identified the +0 scale mail "Nora" {rElec Dex+3}
  3163 | D:4      | Identified the +2 shield of the Heavens {rElec rPois Int-5
                  | Dex+3}
  3224 | D:4      | Found a transporter.
  3806 | D:5      | Entered Level 5 of the Dungeon
  3857 | D:5      | Found a stormy altar of Qazlal.
  3889 | D:5      | Found a runed translucent door.
  3891 | D:5      | Noticed Fang's ghost (novice GrBe)
  3967 | D:5      | Shot with an arrow by a centaur

Skill      XL: |  1  2  3  4  5  6  7 |
---------------+----------------------+-----
Unarmed Combat | 4 5 6 7 8 |  8.5
Shields        | 1 2 |  2.5
Fighting       | |  3.2
Dodging        | |  2.6
Stealth        | |  2.1

Action                   |  1- 3 |  4- 6 |  7- 9 || total
-------------------------+-------+-------+-------++-------
Melee: Unarmed           |   100 |   109 |    36 ||   245
       Punch             |     1 |     2 |       ||     3
  Use: Potion            |       |     9 |     2 ||    11
       Scroll            |       |     2 |     1 ||     3
 Stab: Sleeping          |     6 |     2 |     2 ||    10
  Eat: Chunk             |     3 |     7 |     1 ||    11
Armor: Robe              |    16 |     7 |       ||    23
       Leather armour    |       |       |     5 ||     5
Dodge: Dodged            |    53 |    46 |    22 ||   121
Block: Buckler           |       |     4 |    19 ||    23
